 Dungeon Crawl Stone Soup version 0.25-a0-566-g062765be81 (console) character file.

Game seed: 3672859248275550868, levelgen mode: deterministic

50 utis the Shooter (level 3, -1/30 HPs)
             Began as a Tengu Arcane Marksman on Feb 28, 2020.
             Slain by an adder (3 damage)
             ... on level 2 of the Dungeon.
             The game lasted 00:05:49 (2615 turns).

utis the Shooter (Tengu Arcane Marksman)            Turns: 2615, Time: 00:05:50

Health: -1/30      AC:  2    Str:  9 (10) XL:     3   Next: 79%
Magic:  5/5        EV: 13    Int: 11 (14) God:
Gold:   65         SH:  0    Dex: 11 (14) Spells: 1/4 levels left

rFire    + . .     SeeInvis .   a - +0 short sword
rCold    + . .     Gourm    .   (no shield)
rNeg     . . .     Faith    .   e - +0 robe
rPois    +         Spirit   .   (helmet restricted)
rElec    +         Reflect  .   (no cloak)
rCorr    +         Harm     .   (no gloves)
MR       .....                  (boots unavailable)
Stlth    ..........             (no amulet)
HPRegen  0.10/turn              (no ring)
MPRegen  0.09/turn              (no ring)

@: berserking, lethally poisoned (-1 -> -2), resistant, very quick
A: beak, talons 3
a: no special abilities


You were on level 2 of the Dungeon.
You were not hungry.

You visited 1 branch of the dungeon, and saw 2 of its levels.

You collected 65 gold pieces.

Inventory:

Hand Weapons
 a - a +0 short sword (weapon)
 b - a +0 hunting sling
 c - a +0 mace
 p - a +0 dagger
 w - a +0 shortbow
Missiles
 d - 15 arrows
 m - 72 stones (quivered)
 q - 8 boomerangs
Armour
 e - a +0 robe (worn)
Jewellery
 i - an uncursed ring of see invisible {unknown}
Scrolls
 g - a scroll of immolation {unknown}
 h - 2 scrolls of enchant armour {unknown}
 k - 3 scrolls of identify {unknown}
 l - a scroll of teleportation {unknown}
 o - a scroll of amnesia {unknown}
 t - a scroll of magic mapping {unknown}
Potions
 j - a potion of lignification {unknown}
 n - a potion of degeneration {@e1}
 r - a potion of resistance
Comestibles
 s - 2 chunks of flesh


   Skills:
 - Level 1.0 Fighting
 + Level 3.4 Bows
 + Level 3.4 Dodging
 - Level 1.0 Spellcasting
 - Level 2.1 Hexes


You had one spell level left.
You knew the following spells:

 Your Spells              Type           Power        Failure   Level  Hunger
a - Corona                Hex            #......      13%         1    ##.....
w - Slow                  Hex            #.......     21%         2    ###....

Your spell library contained the following spells:

 Spells                   Type           Power        Failure   Level  Hunger
 Inner Flame              Hex/Fire       #.......     52%         3    ####...
 Portal Projectile        Hex/Tloc       #.....       52%         3    ####...
 Cause Fear               Hex            #.........   78%         4    #####..
 Leda's Liquefaction      Hex/Erth       #.........   90%         4    #####..


Dungeon Overview and Level Annotations

Branches:
Dungeon (2/15)

Altars:


Innate Abilities, Weirdness & Mutations

You have a beak for a mouth.
You have claws for feet.


Message History

You feel weakened.
You feel dopey.
You feel clumsy. The adder bites you.
* * * LOW HITPOINT WARNING * * *
It was a potion of resistance.
You feel protected. The adder closely misses you.
It was a potion of berserk rage.
A red film seems to cover your vision as you go berserk!
You feel yourself moving faster!
You feel mighty! The adder bites you but does no damage.
You are too berserk!
a - a +0 short sword (weapon)
You feel a strong urge to attack something.
The adder bites you.
* * * LOW HITPOINT WARNING * * *
You completely miss the adder.
You feel sick. The rat bites you.
* * * LOW HITPOINT WARNING * * *
The adder closely misses you.
You closely miss the adder. The adder bites you.
You die...

░............░░░
░░.....➘.➘......░
░......░░░░➘░░░..░
░......░░░.░.░.░.░
░......░░➘➘.......░
░......░░░.░r░.░.░░
░..S░+░░ ....<➘..
░.░S░ ░░.░.░.░.░
░.░Q░ .........░
░....r...░
░.░.░.░.░░
░░░░.░...░ ... ....
░.░...░ ░.░ ░. ░
░...░ ░...░ ░..>░
.....


You could see 2 adders and a rat.

Vanquished Creatures
  An adder (D:2)
  2 dart slugs (D:2)
  2 leopard geckos (D:1)
  An orc (D:2)
  2 goblins (D:1)
  7 hobgoblins (D:1)
  4 bats
  5 frilled lizards
  5 kobolds
  6 rats
35 creatures vanquished.

Notes
Turn   | Place    | Note
-------+----------+-------------------------------------------
     0 | D:1      | utis the Tengu Arcane Marksman began the quest for the Orb.
     0 | D:1      | Reached XP level 1. HP: 12/12 MP: 3/3
   380 | D:1      | Reached XP level 2. HP: 16/16 MP: 2/4
   503 | D:1      | Learned a level 2 spell: Slow
  1451 | D:1      | Reached XP level 3. HP: 20/20 MP: 1/5
  2615 | D:2      | Slain by an adder

Levels and vault maps discovered:
D:1:      mrwooster_arrival_statue, layout_loops_corners
D:2:      layout_basic, nemelex_xobeh_ov_fountains_minmay, st_stairs_9

Skill      XL: |  1  2 |
---------------+-------+-----
Bows           | 3 |  3.4
Dodging        | 3 |  3.4
Fighting       | |  1.0
Spellcasting   | |  1.0
Hexes          | |  2.1

Action                   || total
-------------------------++-------
Melee: Dagger            ||    61
       Kick              ||    11
       Peck              ||    12
       Short sword       ||    11
 Fire: Hunting sling     ||     9
       Shortbow          ||     8
Throw: Stone             ||    12
 Cast: Corona            ||    34
  Use: Potion            ||     3
 Stab: Sleeping          ||     3
  Eat: Chunk             ||     3
       Ration            ||     1
Armor: Robe              ||    13
Dodge: Dodged            ||    52

Table legend:
 A = Non-vault XP
 B = Vault XP
 C = Vault XP percentage of total XP
 D = Non-vault monster count
 E = Vault monster count
 F = Vault count percentage of total count
                 A         B        C        D         E       F
            +---------+---------+-------+---------+---------+-------
      Total |      71 |       1 |   1.4 |      34 |       1 |   2.9
            +---------+---------+-------+---------+---------+-------
        D:1 |      40 |       0 |   0.0 |      25 |       0 |   0.0
        D:2 |      31 |       1 |   3.1 |       9 |       1 |  10.0
            +---------+---------+-------+---------+---------+-------
